 Dungeon Crawl Stone Soup version 0.29-a0-356-g7bc237e783 (webtiles) character file.

Game seed: 17898439737304407333

3054 rabbitsville the Arsonist (level 9, -4/45 HPs)
             Began as a Deep Elf Fire Elementalist on Apr 25, 2022.
             Was a Follower of Vehumet.
             Killed from afar by a steam dragon (15 damage)
             ... with a ball of steam
             ... on level 7 of the Dungeon.
             The game lasted 00:34:28 (8151 turns).

rabbitsville the Arsonist (DEFE)                    Turns: 8151, Time: 00:34:29

Health: -4/45      AC:  4    Str:  5    XL:     9   Next: 57%
Magic:  15/24      EV: 18    Int: 25    God:    Vehumet [*.....]
Gold:   288        SH:  0    Dex: 15    Spells: 18/26 levels left

rFire   . . .      SeeInvis +   t - +3 demon whip (elec)
rCold   . . .      Faith    .   (no shield)
rNeg    . . .      Spirit   .   a - +0 robe
rPois   .          Reflect  .   n - +0 helmet
rElec   .          Harm     .   (no cloak)
rCorr   .          Rampage  .   D - +0 pair of gloves
Will    .....                   (no boots)
Stlth   ++........              u - amulet of the acrobat
HPRegen 0.15/turn               k - ring of see invisible
MPRegen 0.19/turn               s - +4 ring of evasion

@: attractive
A: no striking features
a: Renounce Religion


You were on level 7 of the Dungeon.
You worshipped Vehumet.
Vehumet was aware of your devotion.
You visited 2 branches of the dungeon, and saw 8 of its levels.

You collected 288 gold pieces.

Inventory:

Hand Weapons
 d - a +0 club
 e - a +2 whip of venom
 t - a +3 demon whip of electrocution (weapon)
Missiles
 y - a throwing net
Armour
 a - a +0 robe (worn)
 n - a +0 helmet (worn)
 D - a +0 pair of gloves (worn)
 G - the +2 scale mail "Bushiup" {Str+4}
   (You found it on level 5 of the Dungeon)

   Str:       It affects your strength (+4).
 H - +0 swamp dragon scales
Jewellery
 k - a ring of see invisible (left hand)
 s - a +4 ring of evasion (right hand)
 u - an amulet of the acrobat (around neck)
Wands
 o - a wand of mindburst (22)
 A - a wand of iceblast (38)
 K - a wand of polymorph (4)
Scrolls
 c - 2 scrolls of enchant weapon {unknown}
 f - 2 scrolls of brand weapon {unknown}
 g - 2 scrolls of enchant armour {unknown}
 h - 6 scrolls of identify {unknown}
 i - 3 scrolls of silence {unknown}
 l - 2 scrolls of amnesia {unknown}
 m - a scroll of acquirement {unknown}
 p - 3 scrolls of magic mapping {unknown}
 r - a scroll of vulnerability {unknown}
 z - 3 scrolls of teleportation {unknown}
 E - 2 scrolls of fear {unknown}
 F - a scroll of summoning {unknown}
Potions
 b - a potion of magic
 j - a potion of attraction
 q - a potion of might {unknown}
 v - a potion of lignification {unknown}
 w - a potion of degeneration {unknown}
 x - 2 potions of curing {unknown}
 B - a potion of flight {unknown}
 C - 2 potions of heal wounds {unknown}
 I - a potion of haste {unknown}
 J - 2 potions of brilliance {unknown}
 L - a potion of ambrosia {unknown}


   Skills:
 + Level 5.0 Dodging
 - Level 2.4 Stealth
 - Level 9.0 Spellcasting
 + Level 7.9 Conjurations
 + Level 9.9 Fire Magic


You had 18 spell levels left.
You knew the following spells:

 Your Spells              Type           Power      Damage    Failure   Level
a - Foxfire               Conj/Fire      100%       2x1d9     1%          1
b - Scorch                Fire           100%       2d10      1%          2
c - Flame Wave            Conj/Fire      54%        2d11      1%          4
d - Shock                 Conj/Air       100%       1d9       1%          1

Your spell library contained the following spells:

 Spells                   Type           Power      Damage    Failure   Level
 Conjure Flame            Conj/Fire      54%        6-21      1%          3
 Inner Flame              Hex/Fire       36%        N/A       2%          3
 Animate Skeleton         Necr           22%        N/A       5%          1
 Apportation              Tloc           22%        N/A       5%          1
 Summon Small Mammal      Summ           44%        N/A       5%          1
 Confusing Touch          Hex            11%        N/A       16%         3
 Gell's Gravitas          Tloc           11%        N/A       16%         3
 Lesser Beckoning         Tloc           11%        N/A       16%         3
 Teleport Other           Tloc           11%        N/A       16%         3
 Yara's Violent Unravell  Hex/Tmut       5%         3d4       83%         5
 Enfeeble                 Hex            5%         N/A       100%        7


Dungeon Overview and Level Annotations

Branches:
Dungeon (7/15)             Temple (1/1) D:5

Altars:
Ashenzari
Cheibriados
Dithmenos
Elyvilon
Gozag
Hepliaklqana
Kikubaaqudgha
Makhleb
Nemelex Xobeh
Okawaru
Qazlal
Sif Muna
Trog
Uskayaw
Vehumet
Wu Jian
Yredelemnul
Zin
The Shining One


Message History

You destroy Menkaure!
Vehumet accepts your kill.
You feel your power returning.
A wight comes into view. It is wielding a +0 mace.
Your Dodging skill increases to level 5!
You conjure some foxfire!
The foxfire hits the steam dragon.
The steam dragon is lightly wounded.
The foxfire hits the steam dragon.
The steam dragon is lightly wounded.
The foxfire hits the wight but does no damage.
You conjure some foxfire!
The foxfire hits the steam dragon.
The steam dragon is moderately wounded.
The steam dragon breathes steam at you. The ball of steam hits your foxfire.
Your foxfire resists.
The ball of steam hits you!!
* * * LOW HITPOINT WARNING * * *
The foxfire hits the steam dragon.
The steam dragon is heavily wounded.
The foxfire hits the steam dragon but does no damage.
The steam dragon is heavily wounded.
The foxfire hits the steam dragon but does no damage.
The steam dragon is heavily wounded.
It was a potion of attraction.
You feel attractive to monsters. The wight is attracted toward you. x2
You are too injured to fight recklessly!
Casting: Flame Wave (dangerous; 1% risk of failure)
Press: ? - help, Q - select action, (/) - cycle Dir - look around, f - activate A wave of flame ripples out!
The flame wave engulfs the steam dragon!
The steam dragon is severely wounded.
The flame wave engulfs the wight!
The wight is heavily damaged. (Press . to intensify the flame waves.)
You hear a croak.
The wight hits you but does no damage. The steam dragon breathes steam at you.
The ball of steam hits you!
You die...

.......... #..#.
......... ##... .
.......# #.## ..
......##### .>#.# ...
#§.§....# #.#.##
....###.......# #.#...
.......z......# #.####
.......z§§§...# #.#
......D@§.§...#####.#
....#####.§.........####
.... #...........')))
... ##..........#### ..
#..........#
#..........#
#..........#
#..........#
#..........#


You could see a steam dragon (catching breath) and 2 wights.

Vanquished Creatures
  A two-headed ogre (D:5)
  Maggie (D:6)
  Grinder (D:4)
  Sigmund (D:3)
  Menkaure (D:7)
  A water moccasin (D:6)
  Pargi (D:4)
  A black bear (D:5)
  An ogre (D:4)
  2 phantoms (D:5)
  A bullfrog (D:7)
  A necrophage (D:4)
  3 scorpions
  6 hounds
  3 jellies
  3 orc priests
  2 iguanas
  5 orc wizards
  12 gnolls
  4 adders
  A shadow imp (D:5)
  An ufetubus (D:6)
  5 dart slugs
  33 orcs
  6 ball pythons
  3 endoplasms
  3 giant cockroaches (D:1)
  12 goblins
  10 hobgoblins
  4 jackals (D:2)
  4 quokkas
  9 bats
  2 frilled lizards
  26 kobolds
  6 rats
  2 bushes (D:1)
178 creatures vanquished.

Vanquished Creatures (collateral kills)
  2 foxfires (D:5)
2 creatures vanquished.

Vanquished Creatures (others)
  241 foxfires
  16 plants
257 creatures vanquished.

Grand Total: 437 creatures vanquished

Notes
Turn   | Place    | Note
-------+----------+-------------------------------------------
     0 | D:1      | rabbitsville the Deep Elf Fire Elementalist began the quest
                  | for the Orb.
     0 | D:1      | Reached XP level 1. HP: 10/10 MP: 6/6
    97 | D:1      | Found a faded altar of an unknown god.
   354 | D:1      | Reached XP level 2. HP: 15/15 MP: 2/8
   801 | D:1      | Reached XP level 3. HP: 19/19 MP: 5/10
  1690 | D:2      | Learned a level 2 spell: Scorch
  2133 | D:3      | Reached XP level 4. HP: 24/24 MP: 9/12
  2175 | D:3      | Found a hide-covered altar of Uskayaw.
  2215 | D:3      | Noticed Sigmund
  2223 | D:3      | Killed Sigmund
  2224 | D:3      | Reached skill level 5 in Spellcasting
  2224 | D:3      | Reached skill level 5 in Fire Magic
  2224 | D:3      | Reached XP level 5. HP: 13/28 MP: 3/15
  2529 | D:3      | Found a bloodstained altar of Trog.
  2639 | D:3      | Reached XP level 6. HP: 32/32 MP: 10/17
  2804 | D:3      | Found a glowing silver altar of Zin.
  2804 | D:3      | Found a white marble altar of Elyvilon.
  2804 | D:3      | Found a glowing golden altar of the Shining One.
  4316 | D:4      | Reached XP level 7. HP: 36/36 MP: 14/19
  4383 | D:4      | Noticed Grinder
  4385 | D:4      | Paralysed by Grinder for 7 turns
  4394 | D:4      | Killed Grinder
  4660 | D:4      | Found a shadowy altar of Dithmenos.
  4822 | D:4      | Noticed Pargi
  4851 | D:4      | Killed Pargi
  5206 | D:5      | Entered Level 5 of the Dungeon
  5239 | D:5      | Reached XP level 8. HP: 41/41 MP: 14/21
  5445 | D:5      | Found a staircase to the Ecumenical Temple.
  5517 | D:5      | Reached skill level 5 in Conjurations
  5593 | Temple   | Entered the Ecumenical Temple
  5837 | Temple   | Became a worshipper of Vehumet
  6034 | D:5      | Identified the +2 scale mail "Bushiup" {Str+4}
  6060 | D:5      | Learned a level 4 spell: Flame Wave
  6121 | D:5      | Found a broken altar of Ashenzari.
  6135 | D:5      | Noticed a two-headed ogre
  6147 | D:5      | Killed a two-headed ogre
  6148 | D:5      | Reached XP level 9. HP: 40/45 MP: 10/23
  6505 | D:6      | Found a burning altar of Makhleb.
  6523 | D:6      | Found a stormy altar of Qazlal.
  6648 | D:6      | Noticed Maggie
  6656 | D:6      | Killed Maggie
  7189 | D:6      | Reached * piety under Vehumet
  7189 | D:6      | Offered knowledge of Shock by Vehumet.
  7722 | D:6      | Learned a level 1 spell: Shock
  8140 | D:7      | Noticed Menkaure
  8146 | D:7      | Killed Menkaure
  8147 | D:7      | Reached skill level 5 in Dodging
  8151 | D:7      | Killed from afar by a steam dragon

Illustrated notes

Levels and vault maps discovered:
D:1:      dpeg_arrival_erosion, layout_basic, shapermc_ecumenical_altar_petra,
          lexackson_kobold_supper
D:2:      layout_basic, hex_intersection
D:3:      layout_basic, dreamdust_divine_triumvirate,
          mainiacjoe_overflow_alcove_1, tgw_xom,
          mainiacjoe_overflow_tiny_flanked, corner_web_ring, serial_park_tiny_2,
          uniq_sigmund
D:4:      layout_rooms, mainiacjoe_overflow_concentric_impassable,
          hangedman_glass_teeth, minmay_misc_feat_pillars,
          hangedman_abyss_or_decor_stagger, uniq_grinder, uniq_pargi
D:5:      layout_cave_pools, mainiacjoe_overflow_surrounded_room,
          minmay_temple_entry_overgrown
D:6:      corexii_shantytown, layout_loops_ring, mainiacjoe_overflow_big_doors,
          uniq_maggie
D:7:      old_forge, layout_basic, mainiacjoe_overflow_alcove_4, uniq_menkaure
Temple:   dpeg_chambers_temple

Skill      XL: |  1  2  3  4  5  6  7  8  9 |
---------------+----------------------------+-----
Spellcasting   | 4 5 6 7 8 9 |  9.0
Fire Magic     | 4 5 6 7 9 |  9.9
Dodging        | 3 5 |  5.0
Conjurations   | 2 4 6 7 |  7.9
Stealth        | |  2.4

Action                   |  1- 3 |  4- 6 |  7- 9 || total
-------------------------+-------+-------+-------++-------
Melee: Whip              |   106 |     3 |       ||   109
       Club              |     1 |       |       ||     1
       Demon whip        |       |     5 |     5 ||    10
 Cast: Foxfire           |    46 |    15 |    83 ||   144
       Scorch            |     9 |    45 |    92 ||   146
       Flame Wave        |       |       |     2 ||     2
Evoke: Wand              |       |       |     1 ||     1
  Use: Potion            |       |       |     1 ||     1
Armor: Robe              |     3 |     2 |     6 ||    11
Dodge: Dodged            |    11 |    11 |    20 ||    42

Table legend: (Time is in decaauts)
 A = Elapsed time spent in this place.
 B = Non-inter-level travel time spent in this place.
 C = Inter-level travel time spent in this place.
 D = Time resting spent in this place.
 E = Time spent auto-exploring this place.
 F = Levels seen in this place.
 G = Mean time per level.
                   A        B        C        D        E       F      G
               +--------+--------+--------+--------+--------+-----+--------+
         Total |   8162 |   7710 |    452 |   1178 |   4891 |   8 | 1020.2 |
       Dungeon |   7890 |   7464 |    426 |   1178 |   4663 |   7 | 1127.1 |
        Temple |    271 |    245 |     26 |      0 |    228 |   1 |  271.0 |
               +--------+--------+--------+--------+--------+-----+--------+

Top non-repeatable levels by time:
     D:3: 1854 daAuts
     D:6: 1475 daAuts
     D:1: 1317 daAuts
     D:4: 1054 daAuts
     D:5: 1010 daAuts
     D:2: 991 daAuts
  Temple: 271 daAuts
     D:7: 187 daAuts
